 Dungeon Crawl Stone Soup version 0.18-a0-425-ge088ad1 (webtiles) character file.

33926 lorenzova the Devastator (level 13, -2/63 HPs)
             Began as a Deep Elf Conjurer on Nov 30, 2015.
             Was a High Priest of Vehumet.
             Slain by a harpy (8 damage)
             ... summoned by Kirke
             ... on level 5 of the Lair of Beasts.
             The game lasted 01:14:52 (22004 turns).

lorenzova the Devastator (Deep Elf Conjurer)       Turns: 22004, Time: 01:14:52

Health: -2/63      AC:  9    Str:  5    XL:     13   Next: 39%
Magic:  35/35      EV: 16    Int: 26    God:    Vehumet [*****.]
Gold:   1190       SH:  0    Dex: 15    Spells: 6 memorised, 23 levels left

rFire  + . .     SeeInvis .     r - +0 quarterstaff (freeze)
rCold  + . .     Clarity  .     b - +2 robe of the Yeti {rF+ rN+}
rNeg   + . .     SustAt   .     (shield currently unavailable)
rPois  .         Gourm    .     j - +0 helmet
rElec  .         Spirit   .     w - +0 cloak
rCorr  .         Dsmss    .     h - +0 pair of gloves
rMut   .         Stasis   .     t - +1 pair of boots {Fly}
MR     +....                    (no amulet)
Stlth  ++........               D - ring of protection from cold
                                I - ring of wizardry

@: flying, somewhat resistant to hostile enchantments, unstealthy
A: no striking features
a: Renounce Religion, Stop Flying


You were on level 5 of the Lair of Beasts.
You worshipped Vehumet.
Vehumet was extremely pleased with you.
You were hungry.

You visited 2 branches of the dungeon, and saw 17 of its levels.

You collected 1190 gold pieces.

Inventory:

Hand Weapons
 r - a +0 quarterstaff of freezing (weapon)
Armour
 b - the +2 robe of the Yeti (worn) {rF+ rN+}
   (You found it on level 4 of the Lair of Beasts)

   It protects you from fire.
   It protects you from negative energy.
 h - a +0 pair of gloves (worn)
 j - a +0 helmet (worn)
 t - a +1 pair of boots of flying (worn)
 w - a +0 cloak (worn)
 O - a +0 troll leather armour
 P - a +2 robe of magic resistance
Jewellery
 D - a ring of protection from cold (right hand)
 I - a ring of wizardry (left hand)
Wands
 a - a wand of polymorph (18)
 q - a wand of cold (3)
 H - a wand of slowing (21)
 R - a wand of fire (6)
 U - a wand of invisibility (7)
Scrolls
 d - 2 scrolls of identify
 e - 10 scrolls of teleportation
 f - 3 scrolls of enchant weapon
 i - 4 scrolls of enchant armour
 k - 5 scrolls of recharging
 m - 4 scrolls of remove curse
 n - a scroll of summoning {unknown}
 y - 3 scrolls of amnesia
 z - 4 scrolls of magic mapping
 F - 4 scrolls of fog
Potions
 o - 3 potions of magic
 p - 2 potions of resistance
 u - a potion of cancellation
 v - 7 potions of curing
 A - 3 potions of brilliance
 X - 2 potions of agility
Comestibles
 c - 21 bread rations
 g - 10 meat rations
 C - a slice of pizza
 L - 5 beef jerkies
 N - 11 royal jellies


   Skills:
 - Level 6.5 Dodging
 - Level 2.4 Stealth
 + Level 16.8 Spellcasting
 + Level 17.5 Conjurations
 + Level 4.3 Ice Magic
 - Level 6.0 Evocations


You had 23 spell levels left.
You knew the following spells:

 Your Spells              Type           Power        Failure   Level  Hunger
a - Magic Dart            Conj           ####         0%          1    None
b - Iskenderun's Battles  Conj/Chrm      ######..     1%          5    None
c - Mephitic Cloud        Conj/Pois/Air  ######..     1%          3    None
d - Dazzling Spray        Conj/Hex       ######..     1%          3    None
e - Bolt of Cold          Conj/Ice       ######....   1%          6    ###....
x - Iskenderun's Mystic   Conj           #######.     1%          4    None


Dungeon Overview and Level Annotations

Branches:
Dungeon (11/15)            Temple (0/1) D:6            Lair (6/8) D:9
 Shoals (0/4) Lair:4
  Snake: Lair:3-6    Spider: Lair:3-6     Slime: Lair:6-8       Orc: D:9-12

Altars:
Dithmenos
Fedhas
Gozag
Kikubaaqudgha
Makhleb
Nemelex Xobeh
Okawaru
Qazlal
Ru
Trog
Vehumet
Xom
Zin
The Shining One

Annotations:
Lair:5 Kirke


Message History

Drink which item? (? for menu, Esc to quit)
You feel much better. The harpy claws you! The harpy claws you!
* * * LOW HITPOINT WARNING * * *
The harpy completely misses you. The harpy closely misses you.
The hog bites the plant.
Drink which item? (? for menu, Esc to quit)
You feel much better.
The harpy screeches!
The harpy misses you. The harpy claws you but does no damage.
The harpy claws the plant! x2
The hog bites the plant but does no damage.
The harpy screeches!
The hog bites the plant but does no damage.
The hog barely misses you. The harpy misses you.
The harpy claws you but does no damage. The hog bites you.
The harpy misses you. The harpy claws you!
* * * LOW HITPOINT WARNING * * *
The harpy closely misses you. The harpy claws you!
You die...

.#.#....## ##....### ### ###...#
.......##.######....###P##P###.##
####.(.##....##....###...P.#.#..#
.+...............................
.#8.....8..>..8.....8#...P#......
...............^.....'...########
.###.....#...##...h###P#..# #.###
...#...######.##hH.# ###..###..##
....#...##......@.## ##.h##.....
..<......#..##...## #......h...
PP...#.....8.....# ###.P#..P..
#..P..#..[......## ######...
##...P.#[#.<.#### ### #P..
.........###...####.#### ### #...
...................###.###P####..
.#.P..............####.#.#..##.#.
...P..#P.......#................#


You could see a harpy and 2 hogs.

Vanquished Creatures
  Fannar (D:9)
  2 hydras
  The ghost of Yakui the Covert, a journeyman OpMo of Okawaru (Lair:2)
  Erica (D:9)
  A skeletal warrior (D:10)
  2 hill giants (D:11)
  4 spiny frogs
  6 elephants (Lair:4)
  3 black mambas
  Psyche (D:8)
  A gargoyle (D:10)
  5 komodo dragons
  A fire drake (Lair:5)
  3 trolls
  A two-headed ogre (D:9)
  Grinder (D:4)
  3 blink frogs (Lair:5)
  A queen bee (Lair:3)
  A deep elf mage (D:11)
  A shadow (D:11)
  4 wyverns
  4 hippogriffs
  4 basilisks
  A wraith (D:10)
  62 yaks
  3 hogs
  A hungry ghost (D:9)
  4 wolves (Lair:4)
  An orc warrior (D:9)
  6 ice beasts
  6 porcupines
  11 water moccasins
  4 black bears
  A wasp (D:9)
  A necrophage (D:10)
  2 sky beasts
  2 phantoms (D:4)
  6 ogres
  5 centaurs
  13 giant frogs
  6 crocodiles
  2 big kobolds
  A gnoll sergeant (D:5)
  4 scorpions
  A water moccasin skeleton (D:8)
  8 wights
  30 killer bees
  3 hounds
  3 crimson imps
  7 orc wizards
  4 jellies
  3 orc priests
  2 centaur skeletons
  2 giant frog skeletons
  5 worker ants
  5 iguanas
  6 sheep (Lair:1)
  A hound zombie (D:5)
  A hound skeleton (D:5)
  4 gnolls (D:5)
  A worker ant zombie (D:11)
  16 river rats
  A shadow imp (D:7)
  10 adders
  An ooze (D:3)
  2 adder skeletons
  An adder zombie (D:7)
  A worm (D:3)
  5 giant geckos
  28 orcs
  6 giant cockroaches
  6 hobgoblins
  4 jackals
  6 quokkas
  2 ball pythons
  6 bats
  5 giant newts
  4 goblins
  11 kobolds
  2 quokka skeletons
  5 rats
  A fungus (Lair:3)
403 creatures vanquished.

Vanquished Creatures (others)
  6 fungi
  5 plants
11 creatures vanquished.

Grand Total: 414 creatures vanquished

Notes
Turn   | Place    | Note
--------------------------------------------------------------
     0 | D:1      | lorenzova the Deep Elf Conjurer began the quest for the Orb.
     0 | D:1      | Reached XP level 1. HP: 10/10 MP: 6/6
   307 | D:1      | Reached XP level 2. HP: 15/15 MP: 5/8
   731 | D:1      | Reached skill level 5 in Conjurations
  1163 | D:2      | Reached XP level 3. HP: 3/19 MP: 5/9
  1406 | D:2      | Learned a level 3 spell: Dazzling Spray
  2112 | D:3      | Found a faded altar to an unknown god.
  2151 | D:3      | Noticed a giant frog
  2156 | D:3      | Killed a giant frog
  2156 | D:3      | Reached skill level 6 in Conjurations
  2156 | D:3      | Reached XP level 4. HP: 24/24 MP: 4/12
  2175 | D:3      | HP: 1/24 [giant gecko (4)]
  2176 | D:3      | Reached XP level 5. HP: 1/28 MP: 1/13
  2490 | D:3      | Noticed Grinder
  2725 | D:3      | Learned a level 4 spell: Iskenderun's Mystic Blast
  3446 | D:3      | Found a glowing silver altar of Zin.
  3446 | D:3      | Found an opulent altar of Gozag.
  3641 | D:4      | Killed Grinder
  3641 | D:4      | Reached skill level 5 in Spellcasting
  3641 | D:4      | Reached skill level 7 in Conjurations
  3641 | D:4      | Reached XP level 6. HP: 12/32 MP: 1/16
  3826 | D:4      | Reached skill level 8 in Conjurations
  3911 | D:4      | Found a shimmering altar of Xom.
  3948 | D:4      | Reached XP level 7. HP: 25/36 MP: 3/18
  4423 | D:4      | Found a shadowy altar of Dithmenos.
  4545 | D:4      | Found a stormy altar of Qazlal.
  4918 | D:4      | Reached skill level 9 in Conjurations
  5269 | D:4      | Found an iron altar of Okawaru.
  5306 | D:5      | Entered Level 5 of the Dungeon
  5327 | D:5      | Found a bloodstained altar of Trog.
  5745 | D:5      | Reached XP level 8. HP: 37/41 MP: 5/20
  6502 | D:5      | Reached skill level 10 in Conjurations
  6590 | D:6      | Found a radiant altar of Vehumet.
  6595 | D:6      | Became a worshipper of Vehumet
  6632 | D:6      | Found an ancient bone altar of Kikubaaqudgha.
  7151 | D:6      | Found a staircase to the Ecumenical Temple.
  8150 | D:7      | Noticed a komodo dragon
  8156 | D:7      | Killed a komodo dragon
  8156 | D:7      | Reached skill level 11 in Conjurations
  8342 | D:7      | Found a blossoming altar of Fedhas.
  8408 | D:7      | Found a sparkling altar of Nemelex Xobeh.
  8688 | D:8      | Reached XP level 9. HP: 30/45 MP: 4/24
  8902 | D:8      | Found a glowing golden altar of the Shining One.
  9029 | D:8      | Noticed Psyche
  9043 | D:8      | Killed Psyche
  9483 | D:8      | Reached skill level 12 in Conjurations
  9545 | D:8      | Reached * piety under Vehumet
  9545 | D:8      | Offered knowledge of Shock by Vehumet.
  9623 | D:8      | Reached skill level 10 in Spellcasting
 10572 | D:9      | Found a staircase to the Lair.
 10695 | D:9      | Reached skill level 13 in Conjurations
 10762 | D:9      | Learned a level 5 spell: Iskenderun's Battlesphere
 10817 | D:9      | Found a burning altar of Makhleb.
 10821 | D:9      | Reached XP level 10. HP: 40/50 MP: 15/27
 11230 | D:9      | Offered knowledge of Sting by Vehumet.
 11240 | D:9      | Reached ** piety under Vehumet
 11274 | D:9      | Found a sacrificial altar of Ru.
 11596 | D:9      | Noticed Erica
 11599 | D:9      | Killed Erica
 11599 | D:9      | Reached skill level 14 in Conjurations
 11914 | D:10     | Entered Level 10 of the Dungeon
 12940 | D:10     | Reached skill level 15 in Conjurations
 13192 | D:10     | Reached XP level 11. HP: 54/54 MP: 21/29
 13435 | D:11     | Offered knowledge of Ignite Poison by Vehumet.
 13442 | D:11     | Noticed a hill giant
 13444 | D:11     | Killed a hill giant
 13547 | D:11     | Noticed a skeletal warrior
 13691 | D:10     | Killed a skeletal warrior
 14017 | D:11     | Noticed a hill giant
 14024 | D:11     | Killed a hill giant
 14074 | D:11     | Reached *** piety under Vehumet
 14248 | D:11     | Noticed a skeletal warrior
 14492 | D:11     | Reached skill level 16 in Conjurations
 14507 | D:11     | Noticed a seven-headed hydra
 14674 | Lair:1   | Entered Level 1 of the Lair of Beasts
 14674 | Lair:1   | Noticed Fannar
 15172 | D:9      | Killed Fannar
 15470 | Lair:1   | Offered knowledge of Mephitic Cloud by Vehumet.
 15587 | Lair:1   | Learned a level 3 spell: Mephitic Cloud
 15619 | Lair:1   | Reached skill level 1 in Evocations
 15784 | Lair:1   | Noticed a five-headed hydra
 15789 | Lair:1   | Killed a five-headed hydra
 15899 | Lair:1   | Reached XP level 12. HP: 59/59 MP: 21/32
 16748 | Lair:2   | Reached **** piety under Vehumet
 16943 | Lair:2   | Reached skill level 5 in Evocations
 16984 | Lair:2   | Noticed Yakui's ghost (journeyman OpMo)
 16990 | Lair:2   | Killed Yakui's ghost
 16990 | Lair:2   | Reached skill level 15 in Spellcasting
 17270 | Lair:2   | Offered knowledge of Stone Arrow by Vehumet.
 18498 | Lair:3   | Reached ***** piety under Vehumet
 18498 | Lair:3   | Offered knowledge of Bolt of Cold by Vehumet.
 18560 | Lair:3   | Learned a level 6 spell: Bolt of Cold
 18640 | Lair:3   | Reached skill level 5 in Dodging
 19645 | Lair:4   | Got a heavily jewelled robe
 19668 | Lair:4   | Identified the +2 robe of the Yeti {rF+ rN+} (You found it on level 4 of the Lair of Beasts)
 19707 | Lair:4   | Found a staircase to the Shoals.
 19746 | Lair:4   | Reached skill level 17 in Conjurations
 20119 | Lair:4   | Reached XP level 13. HP: 63/63 MP: 15/35
 20299 | Lair:4   | Reached skill level 1 in Ice Magic
 20703 | Lair:5   | Noticed Kirke
 21996 | Lair:5   | HP: 1/63 [harpy[Kirke] (15)]
 22004 | Lair:5   | Slain by a harpy

Vault maps used:
D:1:      shiori_arrival_maze
D:3:      grunt_temple_overflow_gold_and_silver, ecumenical_altar_2,
          uniq_grinder
D:4:      lemuel_coloured_pillars_altar, kennysheep_little_box,
          lemuel_doored_altar, kennysheep_mini, first_bread
D:5:      trog_butcher_becter
D:6:      fiery_altar_vehumet, overflow_temple_1_default,
          minmay_temple_entry_junction
D:7:      kennysheep_mini_moat, fedhas_altar_4
D:8:      overflow_temple_1_default, grunt_ogre_cave, uniq_psyche
D:9:      old_standard_altar, old_standard_altar, lair_0_dummy, uniq_erica
Lair:1:   hangedman_lair_generics_rect, uniq_fannar
Lair:2:   beast_lair_carwin_6, serial_bayou_shore_b
Lair:3:   minivault_11
Lair:4:   shoals_dummy_entry
Lair:5:   patterned_corridor, grunt_megastairs_5, uniq_kirke
Lair:6:   dummy_spider_entry

Action                   |  1- 3 |  4- 6 |  7- 9 | 10-12 | 13-15 || total
-------------------------+-------+-------+-------+-------+-------++-------
Melee: Unarmed           |     1 |       |       |       |       ||     1
       Short sword       |    10 |    27 |    26 |       |       ||    63
       Dagger            |       |       |     9 |     1 |       ||    10
       Quarterstaff      |       |       |       |    40 |     6 ||    46
 Cast: Magic Dart        |    66 |    79 |   270 |   366 |    93 ||   874
       Dazzling Spray    |     1 |     9 |    45 |    15 |       ||    70
       Iskenderun's Myst |       |     2 |    32 |   116 |    12 ||   162
       Iskenderun's Batt |       |       |     1 |    79 |    22 ||   102
       Mephitic Cloud    |       |       |       |    12 |     3 ||    15
       Bolt of Cold      |       |       |       |     2 |    14 ||    16
 Abil: Stop Flying       |       |     1 |       |       |       ||     1
       Evoke Flight      |       |     1 |       |       |       ||     1
  Use: Potion            |     3 |       |       |     2 |     3 ||     8
       Scroll            |       |       |    10 |    19 |     1 ||    30
 Stab: Invisible         |       |     1 |     1 |       |       ||     2
       Sleeping          |       |     1 |       |       |     1 ||     2
  Eat: Chunk             |     3 |     2 |    14 |    24 |     7 ||    50
       Fruit             |       |     3 |     2 |     3 |       ||     8
       Pizza             |       |     1 |       |       |       ||     1
       Meat ration       |       |       |     1 |       |       ||     1
       Beef jerky        |       |       |     1 |     3 |       ||     4
       Royal jelly       |       |       |       |     1 |       ||     1
